 Dungeon Sprint DCSS version 0.30-a0-122-g2a1322497e (webtiles) character file.

Game seed: 12280875241110699946

25587 fingers the Peltast (level 12, -2/110 HPs)
             Began as a Demonspawn Monk on Sept 16, 2022.
             Slain by a Hell Sentinel (14 damage)
             ... in the Dungeon (Sprint V: "Ziggurat Sprint").
             The game lasted 00:14:04 (2164 turns).

fingers the Peltast (Demonspawn Monk)               Turns: 2164, Time: 00:14:04

Health: -2/110     AC: 37    Str: 22    XL:     12   Next: 90%
Magic:  10/10      EV:  6    Int: 10    God:
Gold:   0          SH:  0    Dex: 16    Spells: 11/11 levels left

rFire   . . .      SeeInvis .    E - +6 shillelagh "Devastator" {shatter}
rCold   . . .      Faith    .    C - +18 shield of the Gong {rElec rN+ Will+ EV-5}
rNeg    + . .      Spirit   .    B - +15 Maxwell's patent armour {-Cast -Tele rElec Will+ rCorr}
rPois   .          Reflect  .    (no helmet)
rElec   +          Harm     .    (no cloak)
rCorr   +          Rampage  .    J - +0 pair of gloves {hurl}
Will    ++++.      NoTele   +    (no boots)
Stlth   .......... NoCast   +    X - amulet of the Final Brambles {RegenMP Will++}
HPRegen 0.28/turn                w - +6 ring of strength
MPRegen 0.52/turn                K - +4 ring of protection

@: confused, ambrosia-drunk, studying Conjurations
A: claws 1, rugged brown scales 2, spiny 2, dopey 1, low MP 1, subdued magic 1
a: no special abilities


You were in the Dungeon.
You visited 1 branch

Inventory:

Hand Weapons
 D - the +5 sword of Power {vorpal}
   (You found it in the Dungeon)

   It inflicts extra damage upon your enemies.
   It occasionally discharges a powerful but inaccurate bolt of energy upon
   striking a foe, with increased chance the greater the wielder's current
   health.
 E - the +6 shillelagh "Devastator" (weapon) {shatter}
   (You found it in the Dungeon)

   It releases a powerful concussive burst when it strikes, dealing extra damage
   to the target and all other foes adjacent to them.
Armour
 a - a +0 robe
 g - the +1 helmet of Temperance {Drain MP+9 Dex+3}
   (You found it in the Dungeon)

   Dex:       It affects your dexterity (+3).
   MP:        It affects your magic capacity (+9).
   Drain:     It drains your maximum health when unequipped.
 B - the +15 Maxwell's patent armour (worn) {-Cast -Tele rElec Will+ rCorr}
   (You found it in the Dungeon)

   rElec:     It insulates you from electricity.
   -Cast:     It prevents spellcasting.
   -Tele:     It prevents most forms of teleportation.
   rCorr:     It protects you from acid and corrosion.
   Will:      It increases your willpower.
 C - the +18 shield of the Gong (worn) {rElec rN+ Will+ EV-5}
   (You found it in the Dungeon)

   It is deafeningly noisy when blocking attacks.
   EV:        It affects your evasion (-5).
   rElec:     It insulates you from electricity.
   rN:        It protects you from negative energy.
   Will:      It increases your willpower.
 I - the +10 tower shield of Ignorance {rN+ Int-4}
   (You found it in the Dungeon)

   Int:       It affects your intelligence (-4).
   rN:        It protects you from negative energy.
 J - a +0 pair of gloves of hurling (worn)
Jewellery
 r - a ring of flight
 s - a +6 ring of dexterity
 t - a +6 ring of dexterity
 u - a +6 ring of intelligence
 v - a +6 ring of intelligence
 w - a +6 ring of strength (left hand)
 x - a +6 ring of strength
 F - the ring of the Nine Suns {rC+ MP+9 Str-5 Int+3 Dex+4}
   (You found it in the Dungeon)

   [ring of magical power]

   Str:       It affects your strength (-5).
   Int:       It affects your intelligence (+3).
   Dex:       It affects your dexterity (+4).
   rC:        It protects you from cold.
   MP:        It affects your magic capacity (+9).
 K - a +4 ring of protection (right hand)
 L - a +6 ring of dexterity
 M - a ring of resist corrosion
 Q - the ring of Kyt Fib {rPois rC+ Will+}
   (You found it in the Dungeon)

   [ring of poison resistance]

   rC:        It protects you from cold.
   rPois:     It protects you from poison.
   Will:      It increases your willpower.
 R - a +4 ring of evasion
 S - a ring of positive energy
 T - a ring of magical power
 W - the amulet of Spite {RegenMP rElec}
   (You found it in the Dungeon)

   [amulet of magic regeneration]

   It increases your rate of magic regeneration.
   rElec:     It insulates you from electricity.
 X - the amulet of the Final Brambles (around neck) {RegenMP Will++}
   (You found it in the Dungeon)

   [amulet of magic regeneration]

   It increases your rate of magic regeneration.
   Will:      It greatly increases your willpower.
 Y - a +4 ring of evasion
Wands
 y - a wand of mindburst (6)
 z - a wand of iceblast (5)
 A - a wand of quicksilver (6)
Scrolls
 h - 4 scrolls of blinking
 n - 4 scrolls of amnesia
 o - 6 scrolls of butterflies
 p - 5 scrolls of identify
 q - a scroll of fear
 V - a scroll of brand weapon
Potions
 c - 9 potions of curing
 e - 6 potions of haste
 f - 7 potions of magic
 i - 2 potions of brilliance
 j - 2 potions of invisibility
 k - 4 potions of resistance
 l - a potion of experience
 m - 5 potions of might
Miscellaneous
 G - a condenser vane (inert)
 H - a phantom mirror (inert)
 N - a tin of tremorstones (inert)
 O - a tin of tremorstones (inert)
 P - a box of beasts (inert)
 U - a lightning rod (4/4)


   Skills:
 + Level 13.6 Fighting
 + Level 11.2 Maces & Flails
 + Level 11.6 Armour
 + Level 10.6 Dodging
 + Level 5.6 Stealth
 + Level 18.2 Shields
 + Level 9.7 Unarmed Combat
 + Level 9.9 Evocations


You had 11 spell levels left.
You didn't know any spells.
Your spell library contained the following spells:

 Spells                   Type           Power      Damage    Failure   Level
 Beastly Appendage        Tmut           0%         N/A       100%        1
 Poisonous Vapours        Pois/Air       0%         N/A       100%        2
 Static Discharge         Conj/Air       0%         3-3/arc   100%        2
 Call Canine Familiar     Summ           0%         N/A       100%        3
 Ignite Poison            Fire/Tmut/Pois 0%         N/A       100%        3
 Lesser Beckoning         Tloc           0%         N/A       100%        3
 Portal Projectile        Hex/Tloc       0%         N/A       100%        3
 Summon Guardian Golem    Hex/Summ       0%         N/A       100%        3
 Tukima's Dance           Hex            0%         N/A       100%        3
 Animate Armour           Summ/Erth      0%         N/A       100%        4
 Animate Dead             Necr           0%         N/A       100%        4
 Dispel Undead            Necr           0%         3d6       100%        4
 Fulminant Prism          Conj/Hex       0%         3d6       100%        4
 Ice Form                 Ice/Tmut       0%         N/A       100%        4
 Leda's Liquefaction      Hex/Erth       0%         N/A       100%        4
 Passage of Golubria      Tloc           0%         N/A       100%        4
 Sticky Flame             Conj/Fire      0%         2d3       100%        4
 Summon Ice Beast         Ice/Summ       0%         N/A       100%        4
 Summon Lightning Spire   Summ/Air       0%         N/A       100%        4
 Alistair's Intoxication  Tmut/Pois      0%         N/A       100%        5
 Arcjolt                  Conj/Air       0%         1d10      100%        5
 Blade Hands              Tmut           0%         N/A       100%        5
 Borgnjor's Vile Clutch   Necr/Erth      0%         N/A       100%        5
 Irradiate                Conj/Tmut      0%         3d11      100%        5
 Iskenderun's Battlesphe  Conj           0%         2d6       100%        5
 Summon Mana Viper        Hex/Summ       0%         N/A       100%        5
 Yara's Violent Unravell  Hex/Tmut       0%         3d3       100%        5
 Eringya's Noxious Bog    Tmut/Pois      0%         N/A       100%        6
 Iron Shot                Conj/Erth      0%         9d1       100%        6
 Dragon Form              Tmut           0%         N/A       100%        7
 Haunt                    Necr/Summ      0%         N/A       100%        7
 Malign Gateway           Summ/Tloc      0%         N/A       100%        7
 Monstrous Menagerie      Summ           0%         N/A       100%        7
 Orb of Destruction       Conj           0%         9d5       100%        7
 Spellforged Servitor     Conj/Summ      0%         N/A       100%        7
 Discord                  Hex            0%         N/A       100%        8
 Infestation              Necr           0%         N/A       100%        8


Dungeon Overview and Level Annotations

Branches:
Dungeon (1/1)

Altars:
Ashenzari
Cheibriados
Dithmenos
Fedhas
Gozag
Hepliaklqana
Kikubaaqudgha
Makhleb
Nemelex Xobeh
Okawaru
Qazlal
Ru
Sif Muna
Trog
Uskayaw
Vehumet
Wu Jian
Xom
Yredelemnul
Jiyva
Lugonu


Innate Abilities, Weirdness & Mutations

You have sharp fingernails.
You are mostly covered in rugged brown scales. (AC +2, +5% HP)
You are mostly covered in sharp spines.
You are dopey. (Int -2)
Your magical capacity is low. (-10% MP)
Your spells are a little easier to cast, but a little less powerful.


Message History

You block the Hell Sentinel's attack.
GONNNNG!
The Hell Sentinel hits you but does no damage.
The Hell Sentinel gestures at you. The iron shot hits you!!
* * * LOW HITPOINT WARNING * * *
You block the Hell Sentinel's attack.
BOUMMMMG!
The Hell Sentinel hits you but does no damage.
The ancient champion hits you but does no damage.
You block the ancient champion's attack.
SHROANNG!
You feel better.
You block the ancient champion's attack.
GONNNNG!
You block the ancient champion's attack.
BOUMMMMG!
You block the Hell Sentinel's attack.
PANG!
You block the Hell Sentinel's attack.
GONNNNG!
You block the Hell Sentinel's attack.
GONNNNG!
The Hell Sentinel hits you.
* * * LOW HITPOINT WARNING * * *
The Hell Sentinel hits you but does no damage. x2
You are confused.
You feel invigorated.
The ancient champion hits you but does no damage.
The ancient champion is struck by your spines.
The ancient champion hits you but does no damage.
The Hell Sentinel hits you.
* * * LOW HITPOINT WARNING * * *
The Hell Sentinel hits you but does no damage.
The Hell Sentinel hits you!
* * * LOW HITPOINT WARNING * * *
The Hell Sentinel hits you!
* * * LOW HITPOINT WARNING * * *
The Hell Sentinel hits you!
You die...

▓.[...▓.|.
▓.§§§§§§§§..▓▓.....▓...
▓§.§§.§§§§..▓▓.....▓...
▓..§§§§§§...▓▓.....▓...
.....§§§... ▓...†.▓...
....z9... ▓..©..▓..©
▓99999▓ ▓▓▓▓▓▓▓▓▓▓▓
▓▓1z1▓▓ ▓..8©8...▓.
▓..▓.z@1.▓..▓...||...▓.
▓.....©.....▓........▓.
▓▓▓▓▓▓▓▓▓▓▓▓▓........▓.
▓....8©8....▓........▓.
▓..}.|..)[..▓.▓....▓.▓.
▓...).)).)..▓...©....▓.
▓...........▓▓▓▓▓▓▓▓▓▓▓
▓...........▓...8©8...▓
▓...........▓..)|)....▓


You could see 2 iron golems, 3 Hell Sentinels, 3 ancient champions and 4 war
gargoyles.

Vanquished Creatures
  A pandemonium lord (D)
  A lich (D)
  A deep elf master archer (D)
  2 deep elf sorcerers (D)
  2 deep elf annihilators (D)
  A purple draconian (D)
  3 white draconians (D)
  3 dancing weapons (D)
  A hell hog (D)
  A deep elf knight (D)
  A soul eater (D)
  4 large abominations (D)
  2 deep elf archers (D)
  3 deep elf pyromancers (D)
  A deep elf zephyrmancer (D)
  A shining eye (D)
  2 worldbinders (D)
  3 draconians (D)
  A hellion (D)
  An efreet (D)
  A freezing wraith (D)
  A troll (shapeshifter) (D)
  A blink frog (shapeshifter) (D)
  A vampire (D)
  An air elemental (D)
  A human (shapeshifter) (D)
  7 fire elementals (D)
  A ynoxinul (D)
  A chaos spawn (D)
  2 neqoxecs (D)
  3 hell hounds (D)
  4 orc warriors (D)
  2 wolves (D)
  2 crimson imps (D)
  A small abomination (D)
  3 quasits (D)
  2 orc priests (D)
  6 iron imps (D)
  3 mummies (D)
  A white imp (D)
  3 ufetubi (D)
  4 adder simulacra (D)
  An orc (D)
  2 ball python simulacra (D)
  A ball python zombie (D)
  2 bat simulacra (D)
  2 giant cockroach simulacra (D)
  A quokka simulacrum (D)
95 creatures vanquished.

Vanquished Creatures (collateral kills)
  A red draconian (D)
  A deep elf high priest (D)
  A hell hound (D)
  A shadow imp (D)
4 creatures vanquished.

Vanquished Creatures (others)
  A fire vortex (D)
1 creature vanquished.

Grand Total: 100 creatures vanquished

Notes
Turn   | Place    | Note
-------+----------+-------------------------------------------
     0 | D        | fingers the Demonspawn Monk began the quest for the Orb.
     0 | D        | Reached XP level 1. HP: 18/18 MP: 1/1
     0 | D        | Found a shimmering blue altar of Sif Muna.
     0 | D        | Found a bloodstained altar of Trog.
     0 | D        | Found a sacrificial altar of Ru.
     0 | D        | Found a stormy altar of Qazlal.
     0 | D        | Found an iron altar of Okawaru.
     1 | D        | Found a sparkling altar of Nemelex Xobeh.
     1 | D        | Found a blossoming altar of Fedhas.
     1 | D        | Found the +6 Majin-Bo {vamp, MP+6 Int+6}
     1 | D        | Found the +9 heavy crossbow "Sniper" {vorpal, Acc+∞ SInv}
     1 | D        | Found the +10 dark maul {vorpal}
     1 | D        | Found the +15 Maxwell's patent armour {-Cast -Tele rElec
                  | Will+ rCorr}
     1 | D        | Found the +18 shield of the Gong {rElec rN+ Will+ EV-5}
     1 | D        | Found the +14 obsidian axe {vorpal, Mesm Drain Fly SInv}
     1 | D        | Found the +7 great mace "Firestarter" {inner flame, rF++}
     1 | D        | Found the +6 shillelagh "Devastator" {shatter}
     1 | D        | Found the +11 plutonium sword {Contam Stlth-}
     1 | D        | Found the +8 lance "Wyrmbane" {slay drac, rPois rF+ rC+
                  | AC+3}
     1 | D        | Found the +9 sword of Zonguldrok {reap}
     1 | D        | Found the +13 scythe of Curses {drain, Drain}
     1 | D        | Found the +5 sword of Power {vorpal}
     1 | D        | Found the +7 mace of Variability {chain chaos}
     1 | D        | Found the +7 Singing Sword {vorpal, sonic wave}
     1 | D        | Found the +8 storm bow {elec, penet}
     3 | D        | Found a transporter.
     3 | D        | Found an ancient bone altar of Kikubaaqudgha.
     3 | D        | Found a viscous altar of Jiyva.
     3 | D        | Found a corrupted altar of Lugonu.
     3 | D        | Found a hazy altar of Hepliaklqana.
     3 | D        | Found a burning altar of Makhleb.
     3 | D        | Found an opulent altar of Gozag.
    52 | D        | Entered arena 2.
    52 | D        | Noticed a wolf
    52 | D        | Noticed a wolf
    52 | D        | Found a transporter.
    61 | D        | Killed a wolf
    61 | D        | Killed a wolf
    62 | D        | Reached skill level 1 in Maces & Flails
    62 | D        | Reached skill level 5 in Dodging
    62 | D        | Reached skill level 2 in Shields
    62 | D        | Reached skill level 5 in Unarmed Combat
    62 | D        | Gained mutation: You are partially covered in rugged brown
                  | scales. (AC +1, +3% HP) [demonic ancestry]
    62 | D        | Reached XP level 2. HP: 29/29 MP: 2/2
    62 | D        | Gained mutation: You are partially covered in sharp spines.
                  | [demonic ancestry]
    62 | D        | Reached XP level 3. HP: 36/36 MP: 3/3
    62 | D        | Gained mutation: You are mostly covered in sharp spines.
                  | [demonic ancestry]
    62 | D        | Reached XP level 4. HP: 42/42 MP: 4/4
    62 | D        | Gained mutation: You have sharp fingernails. [demonic
                  | ancestry]
    62 | D        | Reached XP level 5. HP: 48/48 MP: 5/5
   215 | D        | Got the ring of the Nine Suns {rC+ MP+9 Str-5 Int+3 Dex+4}
   221 | D        | Entered arena 3.
   221 | D        | Found a transporter.
   224 | D        | Reached skill level 3 in Shields
   233 | D        | Entered arena 4.
   233 | D        | Found the +10 tower shield of Ignorance {rN+ Int-4}
   233 | D        | Noticed a fire elemental
   233 | D        | Noticed a fire elemental
   233 | D        | Noticed a hell hound
   233 | D        | Noticed a fire elemental
   233 | D        | Found a transporter.
   236 | D        | Killed a hell hound
   237 | D        | Reached skill level 1 in Armour
   237 | D        | Reached XP level 6. HP: 42/57 MP: 6/6
   237 | D        | Killed a fire elemental
   238 | D        | Reached skill level 4 in Shields
   239 | D        | Killed a fire elemental
   240 | D        | Gained mutation: You are mostly covered in rugged brown
                  | scales. (AC +2, +5% HP) [demonic ancestry]
   240 | D        | Reached XP level 7. HP: 58/66 MP: 7/7
   240 | D        | Killed a fire elemental
   241 | D        | Reached skill level 5 in Shields
   264 | D        | Entered arena 5.
   264 | D        | Found a transporter.
   284 | D        | Entered arena 6.
   284 | D        | Noticed a deep elf pyromancer
   284 | D        | Noticed a +2 vorpal hand axe
   284 | D        | Noticed a +3 scimitar of holy wrath
   284 | D        | Noticed an air elemental
   284 | D        | Noticed a deep elf pyromancer
   284 | D        | Found a transporter.
   285 | D        | Noticed a fire elemental
   285 | D        | Noticed a fire elemental
   287 | D        | Killed an air elemental
   287 | D        | Killed a deep elf pyromancer
   287 | D        | Killed a deep elf pyromancer
   288 | D        | Reached skill level 10 in Fighting
   288 | D        | Reached skill level 7 in Shields
   288 | D        | Reached skill level 1 in Evocations
   288 | D        | Reached XP level 8. HP: 57/76 MP: 8/8
   288 | D        | Killed a +2 vorpal hand axe
   289 | D        | Reached XP level 9. HP: 62/82 MP: 9/9
   295 | D        | Killed a +3 scimitar of holy wrath
   296 | D        | Reached skill level 5 in Maces & Flails
   296 | D        | Reached skill level 5 in Armour
   296 | D        | Reached skill level 10 in Dodging
   296 | D        | Reached skill level 8 in Shields
   531 | D        | Entered arena 7.
   531 | D        | Noticed a rime drake
   531 | D        | Noticed a shining eye
   532 | D        | a rime drake changed into a raiju
   537 | D        | Noticed a wind drake
   537 | D        | a jumping spider changed into a wind drake
   544 | D        | Found a transporter.
   545 | D        | Killed a shining eye
   545 | D        | Gained mutation: Your magical capacity is low. (-10% MP) [a
                  | neqoxec]
   546 | D        | Reached skill level 9 in Shields
   547 | D        | Gained mutation: Your spells are a little easier to cast,
                  | but a little less powerful. [a neqoxec]
   552 | D        | Noticed a troll
   552 | D        | a wind drake changed into a troll
   554 | D        | Killed a troll
   555 | D        | Reached XP level 10. HP: 89/92 MP: 9/9
   555 | D        | Gained mutation: You are dopey. (Int -2) [a neqoxec]
   557 | D        | Reached skill level 5 in Stealth
   580 | D        | Entered arena 8.
   580 | D        | Noticed a soul eater
   580 | D        | Noticed Tentainn the pandemonium lord
   623 | D        | Killed Tentainn the pandemonium lord
   624 | D        | Reached skill level 11 in Shields
   624 | D        | Found a transporter.
   637 | D        | Killed a soul eater
   638 | D        | Reached skill level 12 in Shields
   962 | D        | Entered arena 9.
   963 | D        | Found a transporter.
  1116 | D        | Got the Monograph on Charms
  1124 | D        | Entered arena 10.
  1124 | D        | Noticed a red draconian
  1124 | D        | Noticed a purple draconian
  1124 | D        | Noticed a white draconian
  1124 | D        | Noticed a white draconian
  1124 | D        | Noticed a white draconian
  1124 | D        | Noticed a draconian
  1124 | D        | Noticed a draconian
  1124 | D        | Noticed a draconian
  1128 | D        | Killed a draconian
  1130 | D        | Killed a draconian
  1131 | D        | Reached XP level 11. HP: 68/99 MP: 9/9
  1131 | D        | Killed a red draconian
  1132 | D        | Reached skill level 13 in Shields
  1134 | D        | Killed a purple draconian
  1135 | D        | Killed a white draconian
  1136 | D        | Reached skill level 14 in Shields
  1137 | D        | Killed a white draconian
  1141 | D        | Killed a white draconian
  1354 | D        | Found a transporter.
  1363 | D        | Got the ring of Kyt Fib {rPois rC+ Will+}
  1365 | D        | Got Suypsoz's Compendium of Gusts and Sculpting
  1372 | D        | Entered arena 11.
  1372 | D        | Noticed a large abomination
  1375 | D        | Noticed a wolf spider
  1378 | D        | Reached skill level 15 in Shields
  1378 | D        | Killed a large abomination
  1380 | D        | Noticed a wolf spider
  1381 | D        | Reached skill level 5 in Evocations
  1388 | D        | Found a transporter.
  1528 | D        | Got Sif Muna's Textbook on the Jaunt and Accomplices
  1537 | D        | Entered arena 12.
  1537 | D        | Noticed a hell hog
  1544 | D        | Killed a hell hog
  1545 | D        | Reached skill level 10 in Maces & Flails
  1558 | D        | Reached skill level 16 in Shields
  1712 | D        | Found a transporter.
  1726 | D        | Entered arena 13.
  1727 | D        | Noticed a lich
  1739 | D        | Reached XP level 12. HP: 108/108 MP: 10/10
  1739 | D        | Killed a lich
  1740 | D        | Reached skill level 10 in Armour
  1740 | D        | Found a transporter.
  1855 | D        | Got the +1 helmet of Temperance {Drain MP+9 Dex+3}
  1869 | D        | Entered arena 14.
  1870 | D        | Noticed a deep elf high priest
  1870 | D        | Noticed a deep elf sorcerer
  1870 | D        | Noticed a deep elf annihilator
  1870 | D        | Noticed a deep elf sorcerer
  1870 | D        | Noticed a deep elf master archer
  1870 | D        | Noticed a deep elf annihilator
  1877 | D        | Killed a deep elf sorcerer
  1878 | D        | Killed a deep elf sorcerer
  1878 | D        | Killed a deep elf master archer
  1878 | D        | Killed a deep elf annihilator
  1879 | D        | Reached skill level 17 in Shields
  1889 | D        | Found a transporter.
  1893 | D        | Killed a deep elf annihilator
  1897 | D        | Killed a deep elf high priest
  1898 | D        | Reached skill level 18 in Shields
  2092 | D        | Got the Compilation of the Assembled Jaunt
  2099 | D        | Entered arena 15.
  2102 | D        | Found a transporter.
  2130 | D        | Got the Folio of Hexing
  2133 | D        | Got the amulet of Spite {RegenMP rElec}
  2135 | D        | Got the amulet of the Final Brambles {RegenMP Will++}
  2148 | D        | Entered arena 16.
  2149 | D        | Noticed a Hell Sentinel
  2149 | D        | Noticed a war gargoyle
  2149 | D        | Noticed an ancient champion
  2149 | D        | Noticed an iron golem
  2149 | D        | Noticed a war gargoyle
  2149 | D        | Noticed a Hell Sentinel
  2149 | D        | Noticed a war gargoyle
  2149 | D        | Noticed an ancient champion
  2149 | D        | Noticed a Hell Sentinel
  2149 | D        | Noticed a war gargoyle
  2151 | D        | Noticed an ancient champion
  2152 | D        | Noticed an iron golem
  2164 | D        | Slain by a Hell Sentinel

Illustrated notes

Levels and vault maps discovered:
D:        sprint_v [room_start, room_1, room_2, room_3, room_4, room_5, room_6,
          room_7, room_8, room_9, room_10, room_11, room_12, room_13, room_14,
          room_15, room_16, room_17, room_18, room_19, room_20, room_21,
          room_22, room_23, room_24, room_25, room_26, room_27]

Skill      XL: |  1  2  3  4  5  6  7  8  9 10 11 12 |
---------------+-------------------------------------+-----
Fighting       | 6 7 8 10 11 12 13 | 13.6
Maces & Flails | 1 2 4 6 8 10 11 | 11.2
Dodging        | 5 7 9 10 | 10.6
Stealth        | 2 3 4 5 |  5.6
Shields        | 2 3 4 7 9 12 16 18 | 18.2
Unarmed Combat | 5 7 9 |  9.7
Armour         | 1 2 4 5 7 9 11 | 11.6
Evocations     | 1 2 3 6 9 |  9.9

Action                   |  1- 3 |  4- 6 |  7- 9 | 10-12 || total
-------------------------+-------+-------+-------+-------++-------
Melee: Shillelagh        |     6 |     7 |    28 |   131 ||   172
Evoke: Condenser vane    |       |     1 |     2 |     9 ||    12
       Wand              |       |     1 |       |     3 ||     4
       Phantom mirror    |       |       |     2 |     9 ||    11
       Tin of tremorston |       |       |       |    12 ||    12
       Box of beasts     |       |       |       |     5 ||     5
       Lightning rod     |       |       |       |     5 ||     5
  Use: Potion            |     2 |     1 |       |    12 ||    15
       Scroll            |       |       |       |     2 ||     2
 Stab: Confused          |       |       |     6 |     1 ||     7
       Distracted        |       |       |       |     1 ||     1
Armor: Plate armour      |    12 |     3 |     6 |   174 ||   195
Dodge: Dodged            |       |       |     1 |    26 ||    27
Block: Kite shield       |    20 |    13 |    41 |   319 ||   393

Table legend: (Time is in decaauts)
 A = Elapsed time spent in this place.
 B = Non-inter-level travel time spent in this place.
 C = Inter-level travel time spent in this place.
 D = Time resting spent in this place.
 E = Time spent auto-exploring this place.
 F = Levels seen in this place.
 G = Mean time per level.
                   A        B        C        D        E       F      G
               +--------+--------+--------+--------+--------+-----+--------+
         Total |   2191 |   2191 |      0 |   1603 |      0 |   1 | 2191.0 |
       Dungeon |   2191 |   2191 |      0 |   1603 |      0 |   1 | 2191.0 |
               +--------+--------+--------+--------+--------+-----+--------+

Top non-repeatable levels by time:
       D: 2191 daAuts
